 Dungeon Crawl Stone Soup version 0.27.1-34-g3ba077fa99 (console) character file.

Game seed: 9386169048038735469

102 MathTutor the Sneak (level 4, -3/21 HPs)
             Began as a Spriggan Enchanter on Jan 6, 2022.
             Killed from afar by Crazy Yiuf (9 damage)
             ... with a puff of flame
             ... on level 2 of the Dungeon on Jan 7, 2022.
             The game lasted 00:16:08 (2265 turns).

MathTutor the Sneak (Spriggan Enchanter)            Turns: 2265, Time: 00:16:08

Health: -3/21      AC:  2    Str:  4 (5)  XL:     4   Next: 50%
Magic:  3/9        EV: 17    Int: 14 (16) God:
Gold:   50         SH:  0    Dex: 13 (15) Spells: 2/8 levels left

rFire    . . .     SeeInvis +   a - +1 dagger
rCold    . . .     Faith    .   (shield restricted)
rNeg     . . .     Spirit   .   b - +0 robe
rPois    .         Reflect  .   (helmet restricted)
rElec    .         Harm     .   (no cloak)
rCorr    .         Rampage  .   (gloves unavailable)
Will     .....                  (boots unavailable)
Stlth    +++.......             (no amulet)
HPRegen  0.07/turn              (no ring)
MPRegen  0.11/turn              (no ring)

@: very quick
A: very small, no large weapons, unfitting armour, see invisible, speed 3
a: no special abilities


You were on level 2 of the Dungeon.
You visited 1 branch of the dungeon, and saw 2 of its levels.

You collected 50 gold pieces.

Inventory:

Hand Weapons
 a - a +1 dagger (weapon)
 c - a +0 long sword
Missiles
 d - 22 poisoned darts
 j - 22 stones
Armour
 b - a +0 robe (worn)
Scrolls
 e - a scroll of enchant weapon {unknown}
 g - 4 scrolls of identify {unknown}
 i - a scroll of immolation {unknown}
Potions
 h - a potion of berserk rage {unknown}


   Skills:
 + Level 2.9 Short Blades
 - Level 2.6 Dodging
 * Level 7.2 Stealth
 - Level 2.6 Spellcasting
 - Level 3.6 Hexes


You had 2 spell levels left.
You knew the following spells:

 Your Spells              Type           Power      Damage    Failure   Level
a - Corona                Hex            13%        N/A       4%          1
b - Ensorcelled Hibernat  Hex/Ice        12%        N/A       16%         2
c - Dazzling Flash        Conj/Hex       12%        N/A       32%         3

Your spell library contained the following spells:

 Spells                   Type           Power      Damage    Failure   Level
 Confusing Touch          Hex            12%        N/A       16%         3
 Tukima's Dance           Hex            12%        N/A       16%         3


Dungeon Overview and Level Annotations

Branches:
Dungeon (2/15)

Altars:

Annotations:
D:1 exclusion: spectral thing
D:2 Crazy Yiuf


Innate Abilities, Weirdness & Mutations

You are very small and have problems with some larger weapons.
You are too small for most types of armour.
You have supernaturally acute eyesight. (SInv)
You cover ground extremely quickly. (Speed+++)


Message History

a +0 whip; a gnoll corpse You see here 25 arrows.
g - 4 scrolls labelled XUOV OQUSKEGGAL (gained 1)
Found a whip.
You see here a +0 whip.
Found a mace.
Found a runed translucent door.
As you open the door, it creaks loudly!
Crazy Yiuf zaps a wand.
The puff of flame hits you!
Casting: Ensorcelled Hibernation (safe; 14% risk of failure)
Confirm with . or Enter, or press ? or * to list all spells.
Aiming: Ensorcelled Hibernation (safe; 14% risk of failure)
Press: ? - help, Shift-Dir - straight line, f - Crazy Yiuf
Aim: Crazy Yiuf, wielding a +3 quarterstaff of chaos, wearing a +2 cloak and carrying a wand of flame (13) (chance to affect: 48%) Crazy Yiuf resists with some effort.
Casting: Ensorcelled Hibernation (safe; 14% risk of failure)
Confirm with . or Enter, or press ? or * to list all spells.
Aiming: Ensorcelled Hibernation (safe; 14% risk of failure)
Press: ? - help, Shift-Dir - straight line, f/p - Crazy Yiuf
Aim: Crazy Yiuf, wielding a +3 quarterstaff of chaos, wearing a +2 cloak and carrying a wand of flame (13) (chance to affect: 48%) Crazy Yiuf resists with some effort.
Casting: Ensorcelled Hibernation (safe; 14% risk of failure)
Confirm with . or Enter, or press ? or * to list all spells.
Aiming: Ensorcelled Hibernation (safe; 14% risk of failure)
Press: ? - help, Shift-Dir - straight line, f/p - Crazy Yiuf
Aim: Crazy Yiuf, wielding a +3 quarterstaff of chaos, wearing a +2 cloak and carrying a wand of flame (13) (chance to affect: 48%) Crazy Yiuf looks drowsy...
Crazy Yiuf shouts!
Crazy Yiuf zaps a wand.
The puff of flame hits you.
* * * LOW HITPOINT WARNING * * *
There is an open translucent door here.
Casting: Ensorcelled Hibernation (safe; 14% risk of failure)
Confirm with . or Enter, or press ? or * to list all spells.
Aiming: Ensorcelled Hibernation (safe; 14% risk of failure)
Press: ? - help, Shift-Dir - straight line, f - you, p - Crazy Yiuf
Okay, then.
It was a potion of degeneration.
There was something very wrong with that liquid.
You feel weakened.
You feel dopey.
You feel clumsy.
Crazy Yiuf zaps a wand.
The puff of flame hits you!
You die...

.............
####.###..###.##
#####..##...#
#.......#.. ###.###...#
#### ♣♣####.# ##.#
#)..#♣♣ ♣♣..#.#.# #.#
#...'g♣♣♣♣PP.....####.##
#...#♣.@♣..P......).....
#### ♣♣♣.♣...###########
♣♣♣♣♣##


You could see Crazy Yiuf.

Vanquished Creatures
  Jessica (D:2)
  2 adders (D:2)
  A gnoll (D:2)
  2 worms (D:2)
  An orc (D:2)
  4 endoplasms
  A giant cockroach (D:2)
  4 goblins
  A hobgoblin (D:1)
  4 jackals (D:1)
  2 quokkas (D:2)
  5 ball pythons
  4 bats
  4 frilled lizards
  2 kobolds
  2 rats (D:1)
40 creatures vanquished.

Notes
Turn   | Place    | Note
-------+----------+-------------------------------------------
     0 | D:1      | MathTutor the Spriggan Enchanter began the quest for the
                  | Orb.
     0 | D:1      | Reached XP level 1. HP: 9/9 MP: 5/5
   465 | D:1      | Reached skill level 5 in Stealth
   465 | D:1      | Reached XP level 2. HP: 11/13 MP: 4/6
   468 | D:1      | Learned a level 2 spell: Ensorcelled Hibernation
  1411 | D:2      | Noticed Jessica
  1418 | D:2      | Killed Jessica
  1419 | D:2      | Reached skill level 6 in Stealth
  1419 | D:2      | Reached XP level 3. HP: 16/16 MP: 5/8
  1498 | D:2      | Learned a level 3 spell: Dazzling Flash
  1851 | D:2      | Reached XP level 4. HP: 21/21 MP: 4/9
  2082 | D:2      | Reached skill level 7 in Stealth
  2253 | D:2      | Found a runed translucent door.
  2254 | D:2      | Noticed Crazy Yiuf
  2265 | D:2      | Killed from afar by Crazy Yiuf

Illustrated notes

Levels and vault maps discovered:
D:1:      minmay_arrival_cross, layout_basic,
          dreamdust_ecumenical_altar_drowned_temple
D:2:      layout_loops_ring, minmay_pentomino_x4, uniq_crazy_yiuf_cottage,
          uniq_jessica

Skill      XL: |  1  2  3  4 |
---------------+-------------+-----
Stealth        | 5 6 7 |  7.2
Short Blades   | 2 |  2.9
Dodging        | |  2.6
Spellcasting   | |  2.6
Hexes          | |  3.6

Action                   |  1- 3 |  4- 6 || total
-------------------------+-------+-------++-------
Melee: Dagger            |    92 |    43 ||   135
Throw: Stone             |     7 |       ||     7
 Cast: Corona            |    19 |     6 ||    25
       Ensorcelled Hiber |    12 |     8 ||    20
  Use: Potion            |       |     1 ||     1
 Stab: Sleeping          |    15 |     2 ||    17
       Distracted        |     1 |       ||     1
Armor: Robe              |    14 |     6 ||    20
Dodge: Dodged            |    66 |    46 ||   112
